 Dungeon Crawl Stone Soup version 0.22-a0-76-gd698a02 (webtiles) character file.

77 KristoblXynda the Chopper (level 4, -2/36 HPs)
             Began as a Draconian Gladiator on Jan 13, 2018.
             Slain by an ice beast (6 damage)
             ... on level 3 of the Dungeon.
             The game lasted 00:04:16 (1499 turns).

KristoblXynda the Chopper (Draconian Gladiator)     Turns: 1499, Time: 00:04:16

Health: -2/36      AC:  6    Str: 16    XL:     4   Next: 13%
Magic:  4/4        EV: 13    Int: 15    God:
Gold:   83         SH:  2    Dex: 12    Spells: 3/3 levels left

rFire    . . .     SeeInvis .   a - +1 war axe
rCold    . . .     Gourm    .   (no shield)
rNeg     . . .     Faith    .   (armour unavailable)
rPois    .         Spirit   .   b - +0 hat
rElec    .         Reflect  +   (no cloak)
rCorr    .         Harm     .   (no gloves)
MR       .....                  p - +0 pair of boots
Stlth    +.........             q - +2 amulet of reflection
HPRegen  0.12/turn              e - +2 ring of slaying
MPRegen  0.09/turn              (no ring)

@: brilliant, about to teleport
A: unfitting armour, cold-blooded, AC +5
a: no special abilities


You were on level 3 of the Dungeon.
You were not hungry.

You visited 1 branch of the dungeon, and saw 3 of its levels.

You collected 83 gold pieces.

Inventory:

Hand Weapons
 a - a +1 war axe (weapon)
Missiles
 c - 3 throwing nets (quivered)
Armour
 b - a +0 hat (worn)
 p - a +0 pair of boots (worn)
Jewellery
 e - a +2 ring of slaying (left hand)
 q - a +2 amulet of reflection (around neck)
Scrolls
 h - 3 scrolls of teleportation
 s - a scroll of noise {unknown}
Potions
 i - a potion of brilliance
 k - a potion of agility {unknown}
 l - a potion of magic {unknown}
 o - a potion of invisibility {unknown}
Comestibles
 d - 4 rations


   Skills:
 - Level 2.1 Fighting
 + Level 3.7 Axes
 + Level 2.7 Throwing
 + Level 3.4 Dodging


You had 3 spell levels left.
You didn't know any spells.

Dungeon Overview and Level Annotations

Branches:
Dungeon (3/15)

Altars:
Cheibriados
Makhleb
Nemelex Xobeh
Ru
Uskayaw
Zin

Annotations:
D:3 KristoblXynda's ghost, amateur DrGl


Innate Abilities, Weirdness & Mutations

Your plain brown scales are hard. (AC +5)
You cannot fit into any form of body armour.
You are cold-blooded and may be slowed by cold attacks.


Message History

KristoblXynda's ghost closely misses you.
KristoblXynda's ghost says, "I'll split you in two!"
Found 16 gold pieces.
You closely miss KristoblXynda's ghost.
KristoblXynda's ghost is moderately damaged.
KristoblXynda's ghost hits you.
It was a potion of brilliance.
You feel clever all of a sudden. KristoblXynda's ghost hits you!
* * * LOW HITPOINT WARNING * * *
You feel better.
KristoblXynda's ghost whispers, "The ORB doesn't exist."
KristoblXynda's ghost closely misses you.
As you read the scroll of teleportation, it crumbles to dust.
You feel strangely unstable. KristoblXynda's ghost hits you!
* * * LOW HITPOINT WARNING * * *
The ice beast hits you.
* * * LOW HITPOINT WARNING * * *
The ice beast freezes you.
You die...

##### ########...#
######........#.#
#.†.........W@..#
####.##.#.###.#Y#..#
..........# #.#.#..#
..."......# #.#.#..#
###.......# #.......
#.#.#...............
.........#####$#..###
##.#.#...######.#..#
##...........


You could see an ice beast and KristoblXynda's ghost.

Vanquished Creatures
  2 adders (D:2)
  2 oozes (D:1)
  2 worms (D:2)
  A dart slug (D:1)
  2 leopard geckos
  5 giant cockroaches
  6 goblins
  3 hobgoblins
  2 kobolds
  7 bats
  4 frilled lizards (D:2)
  7 rats
43 creatures vanquished.

Notes
Turn   | Place    | Note
-------+----------+-------------------------------------------
     0 | D:1      | KristoblXynda the Draconian Gladiator began the quest for the Orb.
     0 | D:1      | Reached XP level 1. HP: 17/17 MP: 1/1
   105 | D:1      | Reached XP level 2. HP: 22/24 MP: 2/2
   556 | D:1      | Reached XP level 3. HP: 29/29 MP: 3/3
  1071 | D:2      | Reached XP level 4. HP: 23/36 MP: 4/4
  1090 | D:2      | Found a burning altar of Makhleb.
  1149 | D:2      | Found a glowing silver altar of Zin.
  1171 | D:2      | Found a sparkling altar of Nemelex Xobeh.
  1175 | D:2      | Found a sacrificial altar of Ru.
  1176 | D:2      | Found a snail-covered altar of Cheibriados.
  1185 | D:2      | Found a hide-covered altar of Uskayaw.
  1454 | D:3      | Noticed an ice beast
  1468 | D:3      | Noticed KristoblXynda's ghost (amateur DrGl)
  1499 | D:3      | Slain by an ice beast

Vault maps used:
D:1:      ncdulo_wetmaze
D:2:      minmay_overflow_temple_star_hex, lightli_temple_of_fire, first_ration
D:3:      old_standard_altar, led_sif_pool, uniq_jessica

Skill      XL: |  1  2 |
---------------+-------+-----
Throwing       | 2 |  2.7
Dodging        | 3 |  3.4
Fighting       | |  2.1
Axes           | |  3.7

Action                   |  1- 3 |  4- 6 || total
-------------------------+-------+-------++-------
Melee: War axe           |    80 |    27 ||   107
       Tailslap          |     6 |     4 ||    10
  Use: Scroll            |       |     6 ||     6
       Potion            |       |     5 ||     5
 Stab: Sleeping          |     1 |       ||     1
  Eat: Chunk             |     1 |     1 ||     2
Armor: Skin              |    21 |     5 ||    26
Dodge: Dodged            |    64 |    29 ||    93

Table legend:
 A = Spawn XP
 B = Non-spawn XP
 C = Spawn XP percentage of total XP
 D = Spawn monster count
 E = Non-spawn monster count
 F = Spawn count percentage of total count
 G = Total turns spent on level
                    A         B        C        D         E        F      G
               +---------+---------+-------+---------+---------+-------+---------
         Total |       0 |     110 |   0.0 |       0 |      43 |   0.0 |  1499
               +---------+---------+-------+---------+---------+-------+---------
           D:1 |       0 |      41 |   0.0 |       0 |      17 |   0.0 |   680
           D:2 |       0 |      66 |   0.0 |       0 |      24 |   0.0 |   768
           D:3 |       0 |       3 |   0.0 |       0 |       2 |   0.0 |    51
               +---------+---------+-------+---------+---------+-------+---------
